 Dungeon Crawl Stone Soup version 0.30-a0-368-g86fb4627a9 (webtiles) character file.

Game seed: 9389722629062108272

24033 qeuew the Protected (level 12, 0/94 HPs)
             Began as a Demonspawn Fighter on Nov 18, 2022.
             Was an Elder of Makhleb.
             Shot with an arrow by Nessos (2 damage)
             ... on level 3 of the Lair of Beasts.
             The game lasted 00:18:26 (12703 turns).

qeuew the Protected (Demonspawn Fighter)           Turns: 12703, Time: 00:18:30

Health: 0/94       AC: 11    Str: 23    XL:     12   Next: 77%
Magic:  0/19       EV: 19    Int:  5    God:    Makhleb [****..]
Gold:   1078       SH: 10    Dex: 18    Spells: 11/11 levels left

rFire   . . .      SeeInvis .    t - +8 war axe "Zemewov" {vorpal, rPois rN+ Str+7 Int-5}
rCold   + . .      Faith    .    c - +0 buckler
rNeg    + . .      Spirit   +    u - +0 troll leather armour
rPois   +          Reflect  .    (no helmet)
rElec   .          Harm     .    (no cloak)
rCorr   .          Rampage  .    B - +1 pair of gloves of Lust {-Cast rC+ Will+}
Will    +....      NoCast   +    (no boots)
Stlth   +.........               y - amulet of guardian spirit
HPRegen 1.15/turn                C - +4 ring of evasion
MPRegen 0.16/turn                p - ring of poison resistance

@: lethally poisoned (0 -> -12)
A: hooves 2, icy blue scales 2, demonic guardian 1, spiny 1, large bone plates
1, noise suppression
a: Renounce Religion, Minor Destruction, Lesser Servant of Makhleb, Major
Destruction


You were on level 3 of the Lair of Beasts.
You worshipped Makhleb.
Makhleb was greatly pleased with you.
You visited 3 branches of the dungeon, and saw 15 of its levels.
You also visited: Gauntlet.

You collected 1092 gold pieces.
You spent 14 gold pieces at shops.

Inventory:

Hand Weapons
 a - a +0 war axe
 t - the +8 war axe "Zemewov" (weapon) {vorpal, rPois rN+ Str+7 Int-5}
   (You acquired it on level 6 of the Dungeon)

   It inflicts extra damage upon your enemies.
   Str:       It affects your strength (+7).
   Int:       It affects your intelligence (-5).
   rPois:     It protects you from poison.
   rN:        It protects you from negative energy.
Armour
 c - a +0 buckler (worn)
 u - a +0 troll leather armour (worn)
 B - the +1 pair of gloves of Lust (worn) {-Cast rC+ Will+}
   (You found it in a Gauntlet)

   rC:        It protects you from cold.
   -Cast:     It prevents spellcasting.
   Will:      It increases your willpower.
Jewellery
 h - a ring of protection from fire
 p - a ring of poison resistance (right hand)
 y - an amulet of guardian spirit (around neck)
 C - a +4 ring of evasion (left hand)
Wands
 b - a wand of polymorph (9)
 l - a wand of iceblast (3)
 w - a wand of flame (31)
 x - a wand of mindburst (7)
 D - a wand of paralysis (14)
Scrolls
 g - 6 scrolls of teleportation
 i - 3 scrolls of amnesia
 j - a scroll of blinking
 q - 2 scrolls of poison
 r - a scroll of fog
 s - 3 scrolls of fear
 v - 6 scrolls of identify
 E - 2 scrolls of enchant weapon
Potions
 d - a potion of might
 e - a potion of cancellation
 f - 3 potions of flight
 k - 3 potions of mutation
 m - a potion of magic
 n - 5 potions of curing
 o - 3 potions of heal wounds
 z - 2 potions of haste
Miscellaneous
 A - a phantom mirror


   Skills:
 + Level 8.7 Fighting
 + Level 7.6 Axes
 * Level 11.0 Armour
 + Level 7.2 Dodging
 + Level 8.0 Shields
 + Level 9.4 Invocations
 + Level 5.8 Evocations


You had 11 spell levels left.
You didn't know any spells.
Your spell library contained the following spells:

 Spells                   Type           Power      Damage    Failure   Level
 Apportation              Tloc           0%         N/A       58%         1
 Beastly Appendage        Tmut           0%         N/A       58%         1
 Magic Dart               Conj           0%         1d3       58%         1
 Summon Small Mammal      Summ           0%         N/A       58%         1
 Call Imp                 Summ           0%         N/A       75%         2
 Wereblood                Tmut           0%         N/A       75%         2
 Call Canine Familiar     Summ           0%         N/A       92%         3
 Frozen Ramparts          Ice            0%         1d1       92%         3
 Inner Flame              Hex/Fire       0%         N/A       92%         3
 Kindle Blastsparks       Fire/Tloc/Air  0%         2d10      92%         3
 Mephitic Cloud           Conj/Pois/Air  0%         N/A       92%         3
 Spider Form              Tmut/Pois      0%         N/A       92%         3
 Summon Guardian Golem    Hex/Summ       0%         N/A       92%         3
 Cause Fear               Hex            0%         N/A       100%        4
 Fulminant Prism          Conj/Hex       0%         3d5       100%        4
 Ice Form                 Ice/Tmut       0%         N/A       100%        4
 Iskenderun's Mystic Bla  Conj/Tloc      0%         2d3       100%        4
 Summon Ice Beast         Ice/Summ       0%         N/A       100%        4
 Alistair's Intoxication  Tmut/Pois      0%         N/A       100%        5
 Lee's Rapid Deconstruct  Erth           0%         3d4*      100%        5
 Discord                  Hex            0%         N/A       100%        8


Dungeon Overview and Level Annotations

Branches:
Dungeon (11/15)            Temple (1/1) D:7            Lair (3/5) D:9
  Swamp (0/4) Lair:3        Snake (0/4) Lair:3          Orc (0/2) D:10
Gauntlet (visited)

Altars:
Ashenzari
Kikubaaqudgha
Makhleb
Nemelex Xobeh
Qazlal
Ru
Sif Muna
Trog
Vehumet
Yredelemnul

Shops:
D:4 (   D:6 [!(*(   D:8 =

Annotations:
Temple 2 transporters
Lair:3 3 runed translucent doors, FizzleBangTC's ghost, journeyman MeEE; Nessos


Innate Abilities, Weirdness & Mutations

You have hoof-like feet.
You are mostly covered in icy blue scales. (AC +3)
A weak demonic guardian rushes to your aid.
You are partially covered in sharp spines.
You are partially covered in large bone plates. (SH +4)
You passively dampen the noise of your surroundings.


Message History

Unknown command.
Nessos barely misses your quasit.
Nessos kicks your quasit but does no damage.
The blink frog hits your smoke demon.
Your quasit bites Nessos but does no damage.
Your quasit claws Nessos but does no damage. x2
Nessos hits your quasit but does no damage.
Nessos kicks your quasit.
The blink frog blinks!
You slash the black mamba! You kick the black mamba.
The black mamba is heavily wounded.
Nessos hits your quasit.
Your quasit dies!
Your quasit disappears in a puff of smoke!
You block the black mamba's attack.
The black mamba is struck by your spines.
The black mamba bites you!
The blink frog blinks!
Unknown command.
Nessos pounds the earth with their hooves.
Nessos hits you but does no damage. Nessos kicks you but does no damage.
The black mamba misses you.
Nessos gestures wildly while chanting.
Nessos blinks!
The black mamba is struck by your spines.
The black mamba misses you.
Your smoke demon barely misses the black mamba.
Your smoke demon misses the black mamba.
Your smoke demon hits the black mamba but does no damage.
Nessos wields a +1 longbow of flaming.
It bursts into flame!
Nessos shoots an arrow.
The arrow hits you!
* * * LOW HITPOINT WARNING * * *
The arrow burns you!
You are poisoned.
* * * LOW HITPOINT WARNING * * *
* * * LOW HITPOINT WARNING * * *
You feel very sick.
Nessos pounds the earth with their hooves.
Nessos shoots an arrow.
The arrow hits you.
* * * LOW HITPOINT WARNING * * *
A demonic guardian appears!
The arrow burns you.
You die...

.........................
........................#
.♣♣..♣♣.................#
♣♣♣♣♣♣P♣.####.##........#
♣P♣.## #####........ ♣♣♣♣
#.......# ♣ #
####43.....# ♣
.#.##.P5S.......
......§@.......#
........†......#
........†......#
.......†.......#
...............# ♣
................ ♣
.....c..........
.##..#.#.....F.#
#.#####........


You could see Nessos (fast), a black mamba (ally target), a blink frog
(distracted), a friendly hellwing (summoned), a friendly smoke demon (summoned)
and a friendly white imp (summoned).

Vanquished Creatures
  A minotaur (Gauntlet)
  A hydra (Lair:3)
  A two-headed ogre (D:10)
  Sonja (D:11)
  Amaemon (D:10)
  A worldbinder (Gauntlet)
  A moth of wrath (Gauntlet)
  Joseph (D:7)
  An orange demon (D:10)
  8 cane toads
  Maggie (D:7)
  An unseen horror (D:11)
  4 komodo dragons
  2 trolls (D:9)
  A polar bear (Lair:1)
  2 hornets (Gauntlet)
  13 blink frogs
  2 shadows
  A wraith (D:10)
  20 yaks
  Grum (D:10)
  2 redbacks (Gauntlet)
  A wyvern (D:7)
  3 vampire mosquitoes (D:11)
  A steam dragon (D:9)
  A swamp worm (Lair:3)
  3 nagas (Lair:3)
  2 acid dragons
  7 water moccasins
  A sky beast (D:7)
  2 ice beasts
  3 orc warriors
  4 black bears
  An ogre (D:10)
  2 boggarts (Gauntlet)
  12 wolves
  2 centaurs (D:8)
  2 phantoms
  8 bullfrogs
  2 kobold brigands
  4 scorpions
  9 wights
  8 killer bees
  3 electric eels (D:9)
  A howler monkey (D:10)
  6 hounds
  5 orc priests
  3 iguanas
  7 orc wizards
  6 hell rats
  12 adders
  14 gnolls
  7 river rats (Lair:1)
  A white imp (D:6)
  An ufetubus (D:7)
  A worm (D:3)
  4 dart slugs
  32 orcs
  3 bats (D:2)
  6 endoplasms
  A giant cockroach (D:4)
  5 goblins
  11 hobgoblins
  A jackal (D:4)
  7 quokkas
  5 ball pythons
  5 frilled lizards (D:1)
  18 kobolds
  4 rats
314 creatures vanquished.

Vanquished Creatures (collateral kills)
  A hydra (Lair:3)
  A komodo dragon (Lair:3)
  A yak (Lair:3)
  An acid dragon (D:10)
  2 orc priests
  A hound (D:9)
  2 orcs (D:10)
  2 jackals (D:4)
11 creatures vanquished.

Vanquished Creatures (others)
  A yak (Lair:3)
  A swamp drake (D:10)
  An orc (D:10)
  12 demonic plants (Gauntlet)
  15 fungi
  11 plants
41 creatures vanquished.

Grand Total: 366 creatures vanquished

Notes
Turn   | Place    | Note
-------+----------+-------------------------------------------
     0 | D:1      | qeuew the Demonspawn Fighter began the quest for the Orb.
     0 | D:1      | Reached XP level 1. HP: 18/18 MP: 1/1
   262 | D:1      | Gained mutation: You are partially covered in sharp spines.
                  | [demonic ancestry]
   262 | D:1      | Reached XP level 2. HP: 18/24 MP: 2/2
   321 | D:1      | Reached skill level 3 in Armour
   662 | D:1      | You fall into a shaft and drop 1 floor!
   891 | D:1      | Gained mutation: A weak demonic guardian rushes to your
                  | aid. [demonic ancestry]
   891 | D:1      | Reached XP level 3. HP: 29/29 MP: 3/3
  1095 | D:2      | Reached skill level 1 in Dodging
  1246 | D:2      | Gained mutation: You have large cloven feet. [demonic
                  | ancestry]
  1246 | D:2      | Reached XP level 4. HP: 35/35 MP: 4/4
  2361 | D:3      | Found a broken altar of Ashenzari.
  2639 | D:3      | Gained mutation: You are partially covered in large bone
                  | plates. (SH +4) [potion of mutation]
  2639 | D:3      | Gained mutation: You passively dampen the noise of your
                  | surroundings. [potion of mutation]
  2820 | D:4      | Reached XP level 5. HP: 22/41 MP: 5/5
  3234 | D:4      | Reached skill level 4 in Armour
  3341 | D:4      | Gained mutation: You are partially covered in icy blue
                  | scales. (AC +2) [demonic ancestry]
  3341 | D:4      | Reached XP level 6. HP: 47/48 MP: 6/6
  3438 | D:4      | Found Inoad's Antique Weapon Emporium.
  3686 | D:5      | Entered Level 5 of the Dungeon
  3974 | D:5      | Reached XP level 7. HP: 40/54 MP: 7/7
  4125 | D:5      | Found a basalt altar of Yredelemnul.
  4136 | D:5      | Reached skill level 5 in Armour
  4289 | D:5      | Noticed a shadow
  4304 | D:5      | Killed a shadow
  4467 | D:5      | Reached XP level 8. HP: 61/61 MP: 8/8
  4624 | D:5      | Found a burning altar of Makhleb.
  4878 | D:5      | Became a worshipper of Makhleb the Destroyer
  4964 | D:6      | Found an ancient bone altar of Kikubaaqudgha.
  5038 | D:6      | Found Apsid's Distillery.
  5039 | D:6      | Found Vaxex's General Store.
  5039 | D:6      | Found Xeonageam's Armour Shoppe.
  5039 | D:6      | Found Ifeloy's Weapon Shoppe.
  5071 | D:6      | Bought a potion of degeneration for 14 gold pieces
  5140 | D:6      | Reached skill level 1 in Invocations
  5147 | D:6      | Reached skill level 5 in Fighting
  5160 | D:6      | Reached skill level 6 in Armour
  5238 | D:6      | Found Vomemusergh's Antique Weapon Shoppe.
  5925 | D:6      | Identified a scroll of acquirement
  5925 | D:6      | Acquired the +8 war axe "Zemewov" {vorpal, rPois rN+ Str+7
                  | Int-5}
  6010 | D:7      | Reached skill level 5 in Shields
  6048 | D:7      | Gained mutation: You have hoof-like feet. [demonic
                  | ancestry]
  6048 | D:7      | Reached XP level 9. HP: 53/68 MP: 11/11
  6233 | D:7      | Reached * piety under Makhleb
  6286 | D:7      | Identified the +8 arbalest of Cegog {freeze, Dex+6}
  6323 | D:7      | Noticed Maggie
  6333 | D:7      | Killed Maggie
  6448 | D:7      | Noticed Joseph
  6458 | D:7      | Killed Joseph
  6459 | D:7      | Reached skill level 7 in Armour
  6555 | D:7      | Found a staircase to the Ecumenical Temple.
  6579 | Temple   | Entered the Ecumenical Temple
  6579 | Temple   | Found a transporter.
  6579 | Temple   | Found a transporter.
  7063 | D:8      | Reached skill level 5 in Axes
  7452 | D:8      | Reached skill level 5 in Invocations
  7611 | D:8      | Found Xuledeo's Jewellery Shop.
  8065 | D:9      | Reached skill level 1 in Evocations
  8171 | D:9      | Found a staircase to the Lair.
  8175 | D:9      | Reached XP level 10. HP: 52/77 MP: 13/13
  8236 | D:9      | Reached ** piety under Makhleb
  8256 | D:9      | Reached skill level 8 in Armour
  8264 | D:9      | Reached skill level 5 in Dodging
  8281 | D:9      | HP: 1/77 [troll (15)]
  8960 | D:10     | Entered Level 10 of the Dungeon
  9050 | D:10     | Noticed a two-headed ogre
  9059 | D:10     | Killed a two-headed ogre
  9088 | D:10     | Found a bloodstained altar of Trog.
  9099 | D:10     | Identified the +1 animal skin of the Illusory Scars {Int+3}
  9191 | D:10     | Found a staircase to the Orcish Mines.
  9208 | D:10     | Reached *** piety under Makhleb
  9437 | D:10     | Noticed Grum
  9446 | D:10     | Killed Grum
  9775 | D:10     | Gained mutation: You are mostly covered in icy blue scales.
                  | (AC +3) [demonic ancestry]
  9775 | D:10     | Reached XP level 11. HP: 74/84 MP: 14/16
  9799 | D:10     | Reached skill level 9 in Armour
  9843 | D:10     | Noticed Amaemon
  9858 | D:10     | Killed Amaemon
  9982 | D:11     | Noticed Sonja
  9985 | D:11     | Killed Sonja
 10087 | Lair:1   | Entered Level 1 of the Lair of Beasts
 10182 | Lair:1   | Reached **** piety under Makhleb
 10914 | Lair:2   | Found a gate leading to a gauntlet.
 10934 | Gauntlet | Entered a Gauntlet
 10934 | Gauntlet | Found a transporter.
 10934 | Gauntlet | Found a transporter.
 10954 | Gauntlet | Found a transporter.
 10974 | Gauntlet | Found a transporter.
 10974 | Gauntlet | Found a transporter.
 10976 | Gauntlet | Found a transporter.
 11038 | Gauntlet | Found a transporter.
 11040 | Gauntlet | Noticed a cyan very ugly thing
 11040 | Gauntlet | Noticed an ironbound thunderhulk
 11040 | Gauntlet | Noticed a red very ugly thing
 11110 | Gauntlet | Found a transporter.
 11118 | Gauntlet | Found a transporter.
 11118 | Gauntlet | Noticed a blizzard demon
 11164 | Gauntlet | Found a transporter.
 11164 | Gauntlet | Found a transporter.
 11173 | Gauntlet | Identified the +1 pair of gloves of Lust {-Cast rC+ Will+}
 11178 | Gauntlet | Reached skill level 10 in Armour
 11199 | Gauntlet | Noticed a minotaur
 11213 | Gauntlet | Killed a minotaur
 11214 | Gauntlet | Reached XP level 12. HP: 23/92 MP: 1/18
 11603 | Lair:2   | Reached skill level 5 in Evocations
 12382 | Lair:3   | Reached ***** piety under Makhleb
 12435 | Lair:3   | Found a staircase to the Snake Pit.
 12489 | Lair:3   | Noticed a seven-headed hydra
 12496 | Lair:3   | Killed a seven-headed hydra
 12526 | Lair:3   | Noticed a six-headed hydra
 12535 | Lair:3   | Killed an eight-headed hydra
 12595 | Lair:3   | Found a staircase to the Swamp.
 12621 | Lair:3   | Noticed FizzleBangTC's ghost (journeyman MeEE)
 12622 | Lair:3   | Noticed a boulder beetle
 12639 | Lair:3   | Found a runed translucent gate.
 12639 | Lair:3   | Found a runed translucent gate.
 12640 | Lair:3   | Found a runed translucent gate.
 12677 | Lair:3   | Noticed Nessos
 12690 | Lair:3   | Reached skill level 11 in Armour
 12703 | Lair:3   | HP: 2/94 [Nessos/arrow (6)]
 12703 | Lair:3   | Shot with an arrow by Nessos

Illustrated notes

Levels and vault maps discovered:
D:1:      erik_arrival_cave_to_civilisation [erik_arrival_cave_to_hall],
          layout_basic
D:2:      layout_basic, minivault_26, guppyfry_early_lair_pool
D:3:      layout_basic, marbit_many_paths, chequers_serial_rivers_room_a
D:4:      layout_gridville, lemuel_round_altar, serial_shops, shop,
          grunt_ministairs_1
D:5:      layout_basic, mainiacjoe_overflow_catch_the_wave,
          chequers_serial_rivers_large_a, minmay_tree_intersection,
          minmay_misc_feat_nine_boxes
D:6:      layout_loops_ring, mainiacjoe_overflow_six_doors_small,
          dk_noncrumbling_4, nicolae_stop_n_shop_2, minmay_shop_grid_forest
D:7:      layout_basic, minmay_temple_entry_statues_fountains, uniq_joseph,
          uniq_maggie
D:8:      layout_basic, mainiacjoe_overflow_boulevard,
          minmay_shop_enchanted_jewellery
D:9:      layout_roguey, erik_lair_island, grunt_decor_arrowhead,
          kennysheep_potato
D:10:     layout_gridville, bloody_trog, erik_orc_1, uniq_amaemon, uniq_grum
D:11:     layout_roguey, serial_shops, shop,
          nicolae_hepliaklqana_monster_ancestors, uniq_sonja
Temple:   hellmonk_temple_divided_pantheon
Lair:1:   layout_regular_city, kennysheep_rathole, grunt_megastairs_2
Lair:2:   gammafunk_indiana_jones, layout_layer_cave, gauntlet_entry_generic
Lair:3:   layout_big_grid, palyth_hydra_swamp_entry,
          minmay_snake_entry_guardpost_medium, gammafunk_ghost_split,
          wad_woods_06, uniq_nessos

Skill      XL: |  1  2  3  4  5  6  7  8  9 10 11 12 |
---------------+-------------------------------------+-----
Armour         | 3 4 5 6 7 8 10 11 | 11.0
Axes           | 2 3 4 5 6 7 |  7.6
Dodging        | 1 2 3 4 5 6 7 |  7.2
Shields        | 3 4 5 6 7 8 |  8.0
Fighting       | 4 5 6 7 8 |  8.7
Invocations    | 3 5 6 8 9 |  9.4
Evocations     | 1 3 4 5 |  5.8

Action                   |  1- 3 |  4- 6 |  7- 9 | 10-12 || total
-------------------------+-------+-------+-------+-------++-------
Melee: War axe           |    72 |    95 |   206 |   326 ||   699
       Kick              |       |    22 |    51 |   114 ||   187
Invok: Minor Destruction |       |       |       |    14 ||    14
       Lesser Servant of |       |       |       |     5 ||     5
  Use: Scroll            |     7 |     6 |     2 |     3 ||    18
       Potion            |     3 |     2 |     3 |     5 ||    13
 Stab: Sleeping          |       |       |       |     1 ||     1
       Distracted        |       |       |       |     2 ||     2
Armor: Scale mail        |    29 |    46 |    89 |    12 ||   176
       Troll leather arm |       |       |       |    79 ||    79
Dodge: Dodged            |    22 |    33 |    81 |   284 ||   420
Block: Buckler           |    15 |    42 |   119 |   230 ||   406

Table legend: (Time is in decaauts)
 A = Elapsed time spent in this place.
 B = Non-inter-level travel time spent in this place.
 C = Inter-level travel time spent in this place.
 D = Time resting spent in this place.
 E = Time spent auto-exploring this place.
 F = Levels seen in this place.
 G = Mean time per level.
                   A        B        C        D        E       F      G
               +--------+--------+--------+--------+--------+-----+--------+
         Total |  12936 |  12558 |    378 |    188 |  10284 |  16 |  808.5 |
       Dungeon |  10271 |   9913 |    358 |    138 |   8324 |  11 |  933.7 |
        Temple |      1 |      1 |      0 |      0 |      0 |   1 |    1.0 |
          Lair |   2264 |   2246 |     18 |      0 |   1872 |   3 |  754.7 |
      Gauntlet |    398 |    398 |      0 |     50 |     87 |   1 |  398.0 |
               +--------+--------+--------+--------+--------+-----+--------+

Top non-repeatable levels by time:
     D:5: 1247 daAuts
  Lair:2: 1208 daAuts
     D:6: 1080 daAuts
     D:8: 1073 daAuts
    D:10: 1071 daAuts
     D:7: 1034 daAuts
     D:3: 1034 daAuts
     D:9: 957 daAuts
     D:1: 945 daAuts
     D:4: 921 daAuts
     D:2: 849 daAuts
  Lair:1: 712 daAuts
Gauntlet: 398 daAuts
  Lair:3: 343 daAuts
    D:11: 55 daAuts
